cohdb
Replays
Latest Replays
All Replays
Popular Replays
Top Player Replays
Match Explorer
How It Works
Community
CoH3 Stats
Reddit
Sign in to upload your games and track your stats! →
Sign in with Steam
Match 46658519
Unlisted
Match 46658519
Overview
Messages
Build Orders
End
Construct Barracks
Riflemen Squad
Selects Heavy Weapons
1⁄4-ton 4x4 Truck
Riflemen Squad
Riflemen Squad
Engineer Squad
Construct Medical Station
Infantry Support Center
M1 Mortar Team
Selects M2HB .50cal Heavy Machine Gun
Selects Assault Carriers
Construct Motor Pool
M24 Chaffee Light Tank
Grenade Package
yesman55
rocketpossum
i_did_NAT_hit_her
zingus23
0
0
Comments
sign in to comment!
No comments posted yet!